Map: Winter Madness LE

Players

Zoun - Winner!

  • Race: Protoss Protoss
  • League: Master
  • Spawn Location: 11:00

SZNightMare (NightMare)

  • Race: Protoss Protoss
  • League: Master
  • Spawn Location: 5:00

VOD

Have the link to the VOD?

Description

Time

  • Played on: Jan. 30, 2026, 8:38 a.m.
  • Length: 6:52
Show
View Real Time Build Order
Export as new Build Order

Zoun Protoss - Winner!

Build Orders: Oracle Opening, Phoenix Opening, Blink Stalkers 

Get SALT Encoding   

  12  0:00  Probe  
  13  0:12  Probe  
  14  0:17  Pylon  
  14  0:23  Probe  
  15  0:31  Probe  
  15  0:37  Gateway  
  15  0:39  Probe  
  16  0:45  Assimilator  
  17  0:51  Probe  
  17  0:54  Assimilator  
  18  0:59  Probe  
  19  1:07  Gateway, Probe  
  19  1:17  Probe  
  20  1:24  Cybernetics Core  
  21  1:29  Probe  
  22  1:36  Pylon  
  22  1:41  Probe  
  23  1:54  Probe  
  23  1:58  Stalker  
  23  2:01  Adept, Warp Gate  
  28  2:06  Probe  
  29  2:13  Pylon  
  29  2:24  Pylon  
  29  2:40  Stargate  
  29  2:44  Stalker  
  29  2:47  Sentry  
  33  3:03  Nexus  
  33  3:08  Shield Battery  
  33  3:12  Probe  
  34  3:13  Oracle  
  34  3:19  Phoenix  
  34  3:24  Probe  
  36  3:36  Pylon  
  36  3:37  Probe  
  37  3:41  Twilight Council  
  37  3:49  Probe  
  37  3:51  Blink  
  38  3:55  Stalker  
  38  3:59  Stalker  
  42  4:05  Probe  
  43  4:14  Probe  
  44  4:22  Probe x2  
  45  4:30  Probe  
  46  4:34  Probe  
  48  4:42  Probe  
  48  4:45  Gateway  
  49  4:46  Gateway  
  49  4:47  Probe  
  50  4:54  Probe  
  50  4:55  Stalker  
  50  4:57  Stalker  
  55  5:00  Probe  
  55  5:05  Assimilator  
  55  5:06  Probe  
  57  5:13  Probe  
  58  5:14  Pylon  
  58  5:19  Stalker  
  58  5:21  Pylon, Probe  
  61  5:30  Pylon  
  61  5:39  Gateway  
  61  5:42  Stalker x3  
  61  5:45  Probe  
  61  5:49  Probe  
  69  5:52  Stalker  
  69  5:56  Pylon  
  71  6:06  Stalker x3  
  75  6:20  Stalker  
  77  6:29  Stalker x3  
  78  6:39  Stalker  
Show
View Real Time Build Order
Export as new Build Order

SZNightMare Protoss 

Build Orders: Blink Stalkers 

Get SALT Encoding   

  12  0:00  Probe  
  13  0:12  Probe  
  14  0:17  Pylon  
  14  0:24  Probe  
  15  0:33  Probe  
  15  0:38  Gateway  
  15  0:41  Probe  
  16  0:46  Assimilator  
  17  0:51  Probe  
  17  0:54  Assimilator  
  18  0:59  Probe  
  19  1:07  Gateway, Probe  
  20  1:17  Probe  
  20  1:25  Cybernetics Core  
  21  1:29  Probe  
  22  1:34  Pylon  
  22  1:41  Probe  
  23  1:53  Probe  
  24  2:00  Stalker x2  
  24  2:04  Warp Gate  
  28  2:10  Pylon  
  28  2:30  Pylon, Stalker x2  
  31  2:54  Nexus  
  31  3:01  Probe  
  31  3:04  Sentry x2  
  35  3:13  Twilight Council  
  35  3:15  Probe  
  36  3:21  Blink  
  36  3:26  Pylon  
  36  3:28  Probe  
  36  3:40  Probe  
  37  3:52  Probe  
  37  3:54  Stalker  
  40  4:00  Stalker  
  40  4:02  Probe  
  42  4:04  Probe  
  44  4:10  Probe  
  44  4:17  Probe  
  45  4:20  Probe  
  45  4:24  Stalker  
  45  4:29  Probe  
  48  4:34  Stalker  
  48  4:36  Probe  
  51  4:41  Probe  
  52  4:48  Gateway, Probe  
  53  4:53  Probe  
  53  4:56  Stalker  
  53  4:58  Stalker  
  58  5:01  Phoenix, Probe  
  58  5:05  Probe  
  60  5:12  Pylon  
  60  5:13  Probe  
  61  5:17  Probe  
  62  5:31  Nexus  
  62  5:36  Gateway  
  62  5:41  Probe  
  62  5:42  Pylon  
  63  5:43  Stalker  
  63  5:47  Stalker  
  67  5:51  Stalker  
  67  5:53  Probe  
  70  5:59  Pylon  
  70  6:00  Probe  
  71  6:06  Probe  
  64  6:20  Stalker x3  
  66  6:27  Probe x2  
  66  6:31  Stalker  
  60  6:33  Shield Battery  
Tags
 
Add a new tag
Caveats
  • Supply blocks, unpowered buildings, or Contaminate may cause inaccurate times.
  • Supply counts are checked every 10 seconds.